AoeStats
← RagnarLothbrok

Lombardia

510168785Analyzed
4v4 RM · 2d ago on Sep 29, 2026· 49m 45s· 8 players
Game mode
Random Map
Map size
Large (8 player)
Population
200
Speed
Normal
Resources
Standard
Victory
Conquest
Starting age
Dark Age
Ending age
Imperial Age
RankedLock teamsTeams togetherTeam positionsShared explorationLock speedFull tech treeHidden civsTurbo modeCheats
Victory
Defeat
🇨🇦 Danes · Canada
1544
+10
🇪🇸 Lithuanians · Spain
1416
+15
🇮🇩 Wei · Indonesia
1388
+16
🇮🇩 Magyars · Indonesia
1376
+17
🇧🇷 Khmer · Brazil
1474
-19
🇨🇳 Jurchens · China
1398
-14
🇹🇷 Turks · Türkiye
1383
-14
🇻🇪 Mongols · Venezuela
1323
-11
hcenemod
10:56 Feudal Age
12:14 Double-Bit Axe
14:43 Castle Age
14:50 Horse Collar
22:34 Heavy Plow
22:25 Gold Mining
24:00 Wheelbarrow
23:40 Stone Mining
25:31 Hand Cart
25:55 Stone Shaft Mining
25:34 Bow Saw
27:31 Caravan
31:34 Imperial Age
28:53 Loom
30:31 Scale Barding Armor
30:36 Forging
31:47 Chain Barding Armor
32:02 Squires
31:55 Cavalier
32:35 Husbandry
32:46 Bloodlines
32:34 Light Cavalry
34:39 Iron Casting
35:31 Plate Barding Armor
35:18 Conscription
35:07 Light Cavalry
35:09 Paladin
35:10 Light Cavalry
38:40 Scale Mail Armor
41:50 Two-Man Saw
41:22 Crop Rotation
42:18 Winged Hussar
47:13 Elite Leitis
JMDDN
7:53 Loom
10:18 Feudal Age
14:59 Castle Age
13:52 Double-Bit Axe
17:00 Bow Saw
16:45 Horse Collar
22:23 Wheelbarrow
22:53 Heavy Plow
24:14 Stone Mining
25:30 Hand Cart
28:34 Gold Mining
28:28 Pikeman
29:09 Squires
29:00 Arson
29:04 Town Watch
31:33 Ballistics
34:08 Imperial Age
31:54 Scale Mail Armor
32:50 Forging
33:40 Caravan
33:41 Hamask
34:40 Chain Mail Armor
35:01 Iron Casting
34:18 Onager
34:43 Northmen's Fury
36:12 Plate Mail Armor
36:07 Siege Engineers
37:51 Blast Furnace
37:36 Siege Onager
38:19 Fletching
38:51 Conscription
39:20 Elite Jomsviking
42:26 Bodkin Arrow
43:06 Masonry
43:56 Chemistry
45:40 Hoardings
49:45 Bracer
VSPR | Valkyrie
9:09 Feudal Age
10:21 Double-Bit Axe
11:11 Loom
19:45 Castle Age
18:30 Horse Collar
22:23 Wheelbarrow
23:52 Heavy Plow
26:51 Hand Cart
30:44 Imperial Age
28:15 Fletching
28:25 Padded Archer Armor
28:29 Husbandry
29:50 Bodkin Arrow
30:10 Leather Archer Armor
30:11 Bloodlines
31:12 Leather Archer Armor
31:59 Ballistics
32:21 Parthian Tactics
33:28 Heavy Cavalry Archer
36:22 Chemistry
36:11 Bracer
37:43 Ring Archer Armor
37:23 Town Watch
37:45 Light Cavalry
38:51 Scale Barding Armor
38:53 Gold Mining
38:53 Stone Mining
38:48 Hussar
45:06 Corvinian Army
45:25 Recurve Bow
49:37 Crop Rotation
50:12 Bow Saw
Embege
8:49 Loom
10:55 Feudal Age
15:04 Castle Age
13:12 Double-Bit Axe
15:39 Horse Collar
16:29 Bow Saw
16:03 Horse Collar
23:24 Wheelbarrow
23:53 Heavy Plow
28:41 Hand Cart
28:34 Gold Mining
28:34 Stone Mining
31:52 Imperial Age
30:51 Ballistics
30:46 Fortified Wall
30:24 Treadmill Crane
30:39 Fletching
30:49 Padded Archer Armor
32:00 Thumb Ring
31:53 Bodkin Arrow
32:31 Leather Archer Armor
32:40 Bloodlines
32:30 Husbandry
33:37 Chemistry
33:29 Gold Shaft Mining
33:37 Crop Rotation
33:46 Stone Shaft Mining
33:25 Bracer
34:00 Parthian Tactics
34:16 Ring Archer Armor
34:23 Caravan
34:53 Coinage
37:37 Banking
41:02 Conscription
41:09 Ming Guang Armor
44:53 Guard Tower
45:14 Masonry
45:09 Tuntian
RagnarLothbrok
10:48 Feudal Age
9:23 Loom
11:08 Feudal Age
12:44 Double-Bit Axe
12:40 Horse Collar
15:34 Castle Age
16:35 Bow Saw
16:26 Heavy Plow
22:17 Wheelbarrow
23:44 Fletching
24:14 Stone Mining
25:44 Gold Mining
27:42 Fletching
30:48 Imperial Age
29:57 Bodkin Arrow
30:24 Bloodlines
30:25 Padded Archer Armor
30:45 Husbandry
31:31 Bracer
31:54 Thumb Ring
33:12 Chemistry
32:43 Nomads
33:18 Conscription
33:41 Leather Archer Armor
33:52 Parthian Tactics
34:09 Hand Cart
34:56 Drill
34:20 Onager
36:13 Ballistics
35:59 Siege Engineers
35:36 Capped Ram
36:20 Caravan
36:33 Elite Mangudai
37:12 Town Watch
37:29 Siege Ram
38:56 Hoardings
38:19 Siege Onager
LT_OmniSK
7:55 Loom
10:33 Feudal Age
16:28 Castle Age
15:00 Double-Bit Axe
16:07 Horse Collar
22:29 Bow Saw
25:33 Heavy Plow
27:47 Wheelbarrow
29:48 Hand Cart
33:20 Imperial Age
31:52 Padded Archer Armor
32:49 Fletching
33:09 Husbandry
33:07 Gold Mining
33:11 Stone Mining
34:01 Scale Barding Armor
34:07 Forging
35:05 Two-Man Saw
34:39 Conscription
34:24 Caravan
34:02 Elite Janissary
35:48 Bloodlines
36:28 Leather Archer Armor
36:33 Chain Barding Armor
36:02 Town Watch
37:50 Iron Casting
40:18 Plate Barding Armor
41:24 Bodkin Arrow
42:30 Blast Furnace
44:34 Artillery
48:38 Ballistics
Perseu
6:06 Loom
8:48 Feudal Age
9:39 Double-Bit Axe
9:47 Horse Collar
18:56 Castle Age
19:54 Bow Saw
20:25 Wheelbarrow
19:29 Light Cavalry
20:30 Stone Mining
23:54 Gold Mining
30:11 Imperial Age
27:57 Hand Cart
28:36 Heavy Plow
29:14 Gold Shaft Mining
29:14 Stone Shaft Mining
29:07 Town Watch
30:06 Ballistics
31:58 Chemistry
30:53 Heavy Scorpion
31:56 Conscription
32:33 Double Crossbow
33:45 Bloodlines
34:45 Siege Engineers
34:52 Husbandry
35:06 Forging
35:02 Scale Barding Armor
36:56 Elite Battle Elephant
37:58 Chain Barding Armor
37:40 Tusk Swords
39:17 Plate Barding Armor
41:05 Iron Casting
45:16 Blast Furnace
Mustafa90
11:09 Feudal Age
15:19 Castle Age
13:13 Double-Bit Axe
13:23 Loom
17:04 Bow Saw
18:23 Wheelbarrow
20:38 Horse Collar
20:57 Town Watch
22:22 Heavy Plow
22:39 Fletching
23:38 Bodkin Arrow
31:14 Imperial Age
28:57 Padded Archer Armor
29:08 Bloodlines
28:59 Husbandry
31:37 Ballistics
32:09 Leather Archer Armor
32:07 Fortified Bastions
31:54 Treadmill Crane
32:25 Fortified Wall
32:26 Masonry
32:44 Bracer
33:49 Chemistry
32:56 Siege Engineers
33:26 Conscription
34:52 Ring Archer Armor
34:57 Scale Barding Armor
34:20 Light Cavalry
35:33 Hand Cart
36:05 Heavy Cavalry Archer
39:46 Architecture
40:05 Chain Barding Armor
42:59 Plate Barding Armor
42:35 Forging
42:19 Hussar
Connection lost

Rejoining the realm…

Still unreachable

The connection could not be restored.

Session expired

The server has moved on; the page needs a fresh start.